 Dungeon Sprint DCSS version 0.28.0-53-g5a82cb258f (webtiles) character file.

Game seed: 14343060137625167551

21 Descartes the Ruffian (level 2, 0/32 HPs)
             Began as a Troll Monk on June 27, 2022.
             Slain by a scorpion (8 damage)
             ... in the Dungeon (Sprint III: "The Ten Rune Challenge").
             The game lasted 00:00:18 (67 turns).

Descartes the Ruffian (Troll Monk)                    Turns: 67, Time: 00:00:19

Health: 0/32       AC:  4    Str: 18    XL:     2   Next: 65%
Magic:  1/1        EV: 10    Int:  6    God:
Gold:   0          SH:  0    Dex: 12    Spells: 1/1 levels left

rFire   . . .      SeeInvis .     - Unarmed
rCold   . . .      Faith    .   (no shield)
rNeg    . . .      Spirit   .   a - +0 robe
rPois   .          Reflect  .   (helmet restricted)
rElec   .          Harm     .   (no cloak)
rCorr   .          Rampage  .   (gloves unavailable)
Will    .....      NoTele   +   (boots unavailable)
Stlth   ++........              (no amulet)
HPRegen 0.90/turn               (no ring)
MPRegen 0.07/turn               (no ring)

@: lethally poisoned (0 -> -11)
A: large, unfitting armour, claws 3, regeneration 1, shaggy fur 1, tough skin 1
a: no special abilities


You were in the Dungeon.
You visited 1 branch

Inventory:

Armour
 a - a +0 robe (worn)
Scrolls
 g - a scroll of blinking
Potions
 b - a potion of curing
 c - a potion of heal wounds
 d - a potion of haste
 e - 2 potions of magic
 f - a potion of berserk rage


   Skills:
 + Level 3.9 Fighting
 - Level 2.4 Dodging
 - Level 1.0 Stealth
 + Level 4.9 Unarmed Combat


You had one spell level left.
You didn't know any spells.
Your spell library was empty.

Dungeon Overview and Level Annotations

Branches:
Dungeon (1/1)

Altars:


Innate Abilities, Weirdness & Mutations

You are too large for most types of armour.
You have claws for hands.
Your natural rate of healing is unusually fast.
You are covered in fur. (AC +1)
You have tough skin. (AC +1)


Message History

Your Unarmed Combat skill increases to level 4!
You have reached level 2!
You enter the shallow water.
Moving in this stuff is going to be slow.
A scorpion comes into view.
Why would you want to do that?
You scratch the scorpion but do no damage.
The scorpion splashes around in the water.
You barely miss the scorpion. The scorpion stings you. x2
You claw the scorpion!
The scorpion is heavily wounded.
The scorpion splashes around in the water.
You closely miss the scorpion.
The scorpion is heavily wounded.
The scorpion barely misses you.
You barely miss the scorpion.
The scorpion is heavily wounded.
The scorpion closely misses you.
You closely miss the scorpion. Your claw misses the scorpion.
The scorpion is heavily wounded.
The scorpion stings you.
You are poisoned.
The scorpion poisons you!
You scratch the scorpion. Your claw misses the scorpion.
The scorpion is severely wounded.
You feel sick. The scorpion stings you.
You are more poisoned.
The scorpion poisons you!
You barely miss the scorpion.
The scorpion is severely wounded.
You feel very sick. The scorpion stings you!
You are lethally poisoned!
The scorpion poisons you!
You barely miss the scorpion.
The scorpion is severely wounded.
* * * LOW HITPOINT WARNING * * *
You feel very sick. The scorpion stings you!
You die...

▓▓▓▓ ▓▓▓▓▓▓▓ ▓<.#
+...♣.♣♣ ▓..#
#......♣
▓#'####.....♣
▓.†...#...@s♣♣♣♣ .#
▓.....#...≈≈.♣.♣ .#
▓....)#..≈≈≈≈♣.♣♣.+
▓####'#..≈≈≈≈≈≈♣..#
▓[.†.†#.≈≈≈≈≈≈....#
▓.....#.≈≈≈≈≈.....#
▓.....#.≈≈≈.......#
▓'#####...........#
▓.................#


You could see a scorpion.

Vanquished Creatures
  A human (D)
  An endoplasm (D)
  3 rats (D)
5 creatures vanquished.

Notes
Turn   | Place    | Note
-------+----------+-------------------------------------------
     0 | D        | Descartes the Troll Monk began the quest for the Orb.
     0 | D        | Reached XP level 1. HP: 22/22 MP: 0/0
    52 | D        | Reached skill level 4 in Unarmed Combat
    52 | D        | Reached XP level 2. HP: 27/32 MP: 1/1
    53 | D        | Noticed a scorpion
    67 | D        | Slain by a scorpion

Illustrated notes

Levels and vault maps discovered:
D:        dungeon_sprint_mu [sprint_mu_entry_forest, sprint_mu_temple_rooms,
          sprint_mu_d1_spiders, sprint_mu_d2_genie, sprint_mu_d3_branching,
          sprint_mu_orc_legion, sprint_mu_elf_gauntlet, sprint_mu_hive_nellie,
          sprint_mu_lair_fedhas, sprint_mu_vaults_butterflies,
          sprint_mu_slime_circle, sprint_mu_shoals_kraken,
          sprint_mu_snake_twists, sprint_mu_blade_basic, sprint_mu_crypt_lich,
          sprint_mu_tomb_spiral, sprint_mu_vestibule_basic,
          sprint_mu_gehenna_hellfire, sprint_mu_dis_giant,
          sprint_mu_tartarus_statrot, sprint_mu_cocytus_islands, sprint_mu_zot1]

Skill      XL: |  1 |
---------------+----+-----
Fighting       | 3 |  3.9
Unarmed Combat | 4 |  4.9
Dodging        | |  2.4
Stealth        | |  1.0

Action                   || total
-------------------------++-------
Melee: Unarmed           ||    34
 Stab: Sleeping          ||     1
Armor: Robe              ||     5
Dodge: Dodged            ||     8
